 Dungeon Crawl Stone Soup version 0.31-a0-187-gba352fbbf7 (webtiles) character file.

Game seed: 4515635667325479268

253 qw the Skirmisher (level 5, -11/30 HPs)
             Began as a Deep Elf Hunter on June 22, 2023.
             Killed by divine providence
             ... invoked by an orc priest
              (17 damage)
             ... on level 4 of the Dungeon.
             The game lasted 00:00:55 (2000 turns).

qw the Skirmisher (Deep Elf Hunter)                 Turns: 2000, Time: 00:00:56

Health: -11/30     AC:  5    Str: 10    XL:     5   Next: 90%
Magic:  7/7        EV: 11    Int: 14    God:
Gold:   199        SH:  0    Dex: 18    Spells: 4/4 levels left

rFire   . . .        Y - +1 shortbow (heavy)
rCold   + . .        (shield currently unavailable)
rNeg    . . .        h - +0 ring mail
rPois   .            (no helmet)
rElec   .            (no cloak)
rCorr   .            (no gloves)
SInv    .            (no boots)
Will    .....        j - amulet of faith
Stlth   +            e - ring of protection from cold
HPRegen 0.25/turn    (no ring)
MPRegen 0.10/turn

%: faith
@: no status effects
A: no striking features
a: no special abilities


You were on level 4 of the Dungeon.
You visited 1 branch of the dungeon, and saw 4 of its levels.

You collected 199 gold pieces.


   Skills:
 - Level 2.1 Fighting
 + Level 9.2 Ranged Weapons
 - Level 2.4 Dodging
 - Level 1.2 Stealth


You had 4 spell levels left.
You didn't know any spells.
Your spell library was empty.

Inventory:

Hand Weapons
 Y - a +1 heavy shortbow (weapon)
Armour
 h - a +0 ring mail (worn)
Jewellery
 e - a ring of protection from cold (left hand)
 j - an amulet of faith (around neck)
Scrolls
 c - 2 scrolls of identify
 g - 3 scrolls of teleportation
Potions
 a - a potion of mutation {unknown}
 b - a potion of brilliance {unknown}
 d - a potion of attraction {unknown}
 i - a potion of cancellation
 k - 2 potions of heal wounds
 l - a potion of invisibility {unknown}
 m - a potion of resistance {unknown}
 n - a potion of enlightenment {unknown}

Dungeon Overview and Level Annotations

Branches:
Dungeon (4/15)
 Temple: D:4-7

Altars:

Shops:
D:2 [[


Message History

A hound comes into view.
Your Fighting skill increases to level 2!
You shoot an arrow. The arrow closely misses the hound.
The hound barks!
The hound bites you. The hound closely misses you.
You shoot an arrow. The arrow closely misses the hound.
The hound bites you. The hound barely misses you.
You shoot an arrow. The arrow hits the hound.
The hound is lightly wounded.
The hound closely misses you. x2; The hound bites you but does no damage.
You shoot an arrow. The arrow closely misses the hound.
The hound barely misses you. The hound closely misses you.
You shoot an arrow. The arrow hits the hound.
The hound is heavily wounded.
The hound bites you. The hound misses you.
You shoot an arrow. The arrow closely misses the hound.
The hound misses you. x2
You shoot an arrow. The arrow hits the hound!
The hound is almost dead.
The hound bites you. x2
An orc priest comes into view.
It is wielding a +0 club and carrying a wand of charming (13).
The hound bites you.
You shoot an arrow. The arrow barely misses the hound.
The orc priest shouts!
The hound closely misses you. The hound bites you.
You shoot an arrow. The arrow hits the hound!!
You kill the hound!
The orc priest mumbles some strange prayers to Beogh against you.
Beogh smites you!
Ouch! That really hurt!
The orc priest begins to cast a cantrip, but forgets the words!
1998 ||| FLEEEEING.
Things that are here:
a +0 club; a +0 ring mail; an orc corpse
1999 ||| FLEEEEING.
2000 ||| FLEEEEING.
The orc priest mumbles some strange prayers to Beogh against you.
Beogh smites you!
Ouch! That really hurt!
You die...

).. # ..##. .... #o.#
#.).## #.# #.%.# #.#
#.## #.# .##.##.)###
#.# $.........@#####
#.#
.....###..)....####.#
.##. ####.#....##.#
.. #..##.....## $.
##.###.##..###### !
##.# #.##........
...###.##.######.
.#...#<....# #.
......##...# #.


You could see an orc priest.

Vanquished Creatures
  2 hounds (D:4)
  Jessica (D:2)
  An orc wizard (D:4)
  A gnoll (D:1)
  5 adders
  2 worms (D:3)
  A dart slug (D:2)
  8 orcs (D:4)
  5 endoplasms
  3 giant cockroaches
  2 goblins (D:1)
  8 hobgoblins
  10 jackals
  4 kobolds
  A quokka (D:1)
  3 ball pythons (D:3)
  9 bats
  2 frilled lizards
  6 rats
74 creatures vanquished.

Notes
Turn   | Place    | Note
-------+----------+-------------------------------------------
     0 | D:1      | qw the Deep Elf Hunter began the quest for the Orb.
     0 | D:1      | Reached XP level 1. HP: 12/12 MP: 3/3
     0 | D:1      | 0 ||| qw: Version: 0.3-a-9-g12657ce
     0 | D:1      | 0 ||| qw: Game counter: 2113
     0 | D:1      | 0 ||| qw: Always use a shield: true
     0 | D:1      | 0 ||| qw: God list: Okawaru
     0 | D:1      | 0 ||| qw: Allow faded altars: false
     0 | D:1      | 0 ||| qw: Do Orc after D:15 true
     0 | D:1      | 0 ||| qw: Do second Lair branch before Depths: true
     0 | D:1      | 0 ||| qw: Lair rune preference: random
     0 | D:1      | 0 ||| qw: Plans: Normal
     0 | D:1      | 0 ||| PLANNING D:1-11
   288 | D:1      | Reached XP level 2. HP: 16/16 MP: 4/4
   291 | D:1      | Reached skill level 6 in Ranged Weapons
   331 | D:1      | 331 ||| FLEEEEING.
   396 | D:1      | Reached XP level 3. HP: 18/20 MP: 5/5
   396 | D:1      | 396 ||| FLEEEEING.
   399 | D:1      | 399 ||| FLEEEEING.
   536 | D:1      | 536 ||| UPGRADING to +0 scale mail.
   546 | D:1      | 546 ||| DROPPING +0 leather armour.
   547 | D:1      | 547 ||| READING scroll labelled GARIRY BAIBEJE.
   548 | D:1      | 548 ||| READING 2 scrolls labelled VITHIN KEEVA.
   551 | D:1      | 551 ||| READING scroll labelled TENOCW VEUJI.
   552 | D:1      | 552 ||| READING scroll labelled NOASAMI BESO KIYDO.
   553 | D:1      | 553 ||| READING scroll labelled NAUBAB ZUYK.
   554 | D:1      | 554 ||| DRINKING 2 fuming purple potions.
   555 | D:1      | 555 ||| DROPPING scroll of butterflies.
   592 | D:2      | Found Icaumm's Antique Armour Shop.
   600 | D:2      | 600 ||| SHOPLISTING pair of glowing gloves (180 gold, have
                  | 51).
   600 | D:2      | 600 ||| SHOPLISTING ring mail (96 gold, have 51).
   643 | D:2      | Found Qumuyjad's Antique Armour Shoppe.
   647 | D:2      | 647 ||| SHOPLISTING dyed leather armour (100 gold, have
                  | 61).
   647 | D:2      | 647 ||| SHOPLISTING pair of boots (90 gold, have 61).
   647 | D:2      | 647 ||| SHOPLISTING ring mail (80 gold, have 61).
   658 | D:2      | Found a faded altar of an unknown god.
   742 | D:2      | Reached skill level 7 in Ranged Weapons
   864 | D:2      | 864 ||| Stepping ~*~*~tactically~*~*~ (water).
   867 | D:2      | Noticed Jessica
   908 | D:2      | 908 ||| FLEEEEING.
   912 | D:2      | 912 ||| STAIRDANCE
  1014 | D:1      | 1014 ||| UPGRADING to amulet of faith.
  1019 | D:1      | 1019 ||| UPGRADING to ring of protection from cold.
  1020 | D:1      | 1020 ||| READING scroll labelled CAUDWA GOMNIUGH.
  1021 | D:1      | 1021 ||| READING scroll labelled ZOPSISMIEW.
  1022 | D:1      | 1022 ||| READING 2 scrolls labelled PEODOWKUSESS.
  1023 | D:1      | 1023 ||| READING scroll labelled JOFOV HIMNEOPT.
  1033 | D:2      | Killed Jessica
  1034 | D:2      | Reached XP level 4. HP: 25/25 MP: 6/6
  1475 | D:3      | Reached skill level 8 in Ranged Weapons
  1619 | D:3      | Reached XP level 5. HP: 29/29 MP: 7/7
  1802 | D:3      | 1802 ||| UPGRADING to +0 ring mail.
  1812 | D:3      | 1812 ||| DROPPING +0 scale mail.
  1813 | D:3      | 1813 ||| READING scroll labelled CADEIRPH BILASIT.
  1814 | D:3      | 1814 ||| READING scroll labelled TUEPTI YBURE.
  1815 | D:3      | 1815 ||| DRINKING 2 fuming grey potions.
  1844 | D:4      | 1844 ||| READING scroll of brand weapon.
  1844 | D:4      | 1844 ||| BRANDING +1 shortbow of draining.
  1866 | D:4      | Reached skill level 9 in Ranged Weapons
  1997 | D:4      | HP: 5/30 [orc priest/divine providence (15)]
  1998 | D:4      | 1998 ||| FLEEEEING.
  1999 | D:4      | 1999 ||| FLEEEEING.
  2000 | D:4      | 2000 ||| FLEEEEING.
  2000 | D:4      | Killed from afar by an orc priest

Levels and vault maps discovered:
D:1:      minmay_arrival_loop, layout_basic, nrook_mini_backslash
D:2:      layout_rooms, serial_shops, shop, shop,
          chequers_ecumenical_altar_island, uniq_jessica
D:3:      minmay_bubble_buster, layout_basic, serial_curves, eino_curves_03,
          eino_curves_02, corexii_hall_statues_i,
          chequers_serial_rivers_micro_e, st_stairs_14,
          minmay_misc_feat_four_crosses
D:4:      layout_rooms, nicolae_uskayaw_suspiria, chequers_serial_rivers_micro_b

Skill      XL: |  1  2  3  4  5 |
---------------+----------------+-----
Ranged Weapons | 6 7 8 9 |  9.2
Fighting       | 2 |  2.1
Dodging        | |  2.4
Stealth        | |  1.2

Action                     |  1- 3 |  4- 6 || total
---------------------------+-------+-------++-------
   Fire: Shortbow          |    73 |   110 ||   183
    Use: Scroll            |     9 |     3 ||    12
         Potion            |     1 |     1 ||     2
 Armour: Leather armour    |     1 |       ||     1
         Scale mail        |       |    21 ||    21
         Ring mail         |       |     2 ||     2
  Dodge: Dodged            |    10 |    33 ||    43

Table legend:
 A = Non-vault XP
 B = Vault XP
 C = Vault XP percentage of total XP
 D = Non-vault monster count
 E = Vault monster count
 F = Vault count percentage of total count
                 A         B        C        D         E       F
            +---------+---------+-------+---------+---------+-------
      Total |     264 |      98 |  27.1 |      60 |      14 |  18.9
            +---------+---------+-------+---------+---------+-------
        D:1 |      46 |       0 |   0.0 |      20 |       0 |   0.0
        D:2 |      29 |      37 |  56.1 |      10 |       1 |   9.1
        D:3 |      30 |      61 |  67.0 |      11 |      13 |  54.2
        D:4 |     159 |       0 |   0.0 |      19 |       0 |   0.0
            +---------+---------+-------+---------+---------+-------
